Map: Odyssey LE

Players

SamuraiFunn

  • Race: Protoss Protoss
  • Spawn Location: 11:00

A.I. 1 (Very Hard) - Winner!

  • Race: Terran Terran
  • Spawn Location: 5:00

VOD

Have the link to the VOD?

Description

Time

  • Played on: Oct. 30, 2017, 10:34 p.m.
  • Length: 15:34
Show
View Real Time Build Order
Export as new Build Order

SamuraiFunn Protoss 

Build Orders:  

Get SALT Encoding   

  12  0:01  Probe (Chrono Boost)  
  13  0:12  Probe (Chrono Boost)  
  14  0:17  Pylon  
  14  0:24  Probe (Chrono Boost)  
  15  0:36  Probe (Chrono Boost)  
  15  0:39  Gateway  
  16  0:50  Probe (Chrono Boost)  
  17  0:57  Assimilator  
  17  1:01  Probe (Chrono Boost)  
  18  1:11  Probe (Chrono Boost)  
  19  1:22  Probe (Chrono Boost)  
  20  1:28  Zealot  
  23  1:33  Probe (Chrono Boost)  
  23  1:35  Pylon  
  23  1:40  Cybernetics Core  
  23  1:47  Cybernetics Core  
  23  1:54  Probe (Chrono Boost), Assimilator  
  24  2:14  Nexus  
  24  2:18  Pylon  
  24  2:35  Probe (Chrono Boost)  
  25  2:40  Zealot  
  27  2:46  Probe (Chrono Boost)  
  27  2:47  Twilight Council  
  27  2:51  Gateway  
  28  2:56  Probe (Chrono Boost)  
  27  3:07  Zealot  
  29  3:31  Probe (Chrono Boost)  
  30  3:42  Probe (Chrono Boost)  
  30  3:45  Robotics Facility  
  30  3:46  Robotics Facility  
  31  3:54  Robotics Facility  
  31  3:59  Probe (Chrono Boost)  
  32  4:03  Zealot x2  
  37  4:10  Probe (Chrono Boost)  
  37  4:30  Stalker x2  
  41  4:39  Immortal x2  
  49  4:50  Forge  
  49  5:02  Stalker x2  
  49  5:04  Probe (Chrono Boost)  
  54  5:09  Charge  
  54  5:20  Pylon  
  54  5:25  Pylon  
  54  5:39  Probe (Chrono Boost)  
  55  5:43  Stalker x2, Assimilator  
  55  5:45  Assimilator  
  55  5:49  Probe (Chrono Boost)  
  60  5:50  Immortal  
  60  5:55  Pylon  
  64  6:00  Probe (Chrono Boost)  
  65  6:10  Probe (Chrono Boost)  
  65  6:11  Immortal  
  70  6:13  Stalker  
  70  6:18  Observer  
  73  6:35  Nexus  
  73  6:48  Pylon  
  77  6:57  Probe (Chrono Boost)  
  77  6:58  Stalker x2  
  78  7:01  Pylon  
  78  7:06  Immortal  
  78  7:07  Probe (Chrono Boost)  
  83  7:14  Pylon  
  83  7:21  Pylon  
  57  8:30  Stalker x2  
  57  8:33  Protoss Ground Weapons Level 1  
  61  8:36  Immortal x2  
  69  9:00  Zealot x2  
  73  9:05  Probe x3 (Chrono Boost)  
  76  9:17  Assimilator  
  76  9:18  Assimilator  
  76  9:21  Immortal x3  
  88  9:27  Stalker x2  
  88  9:31  Gateway  
  92  9:34  Gateway  
  92  9:36  Gateway  
  92  9:45  Nexus  
  92  9:52  Pylon  
  92  9:59  Stalker x2  
  96  10:28  Protoss Ground Armor Level 1  
  96  10:40  Zealot x4  
  96  10:41  Zealot  
  106  10:46  Probe (Chrono Boost)  
  106  10:47  Probe x2 (Chrono Boost)  
  121  10:57  Immortal x3  
  121  11:02  Probe x2 (Chrono Boost)  
  121  11:03  Probe (Chrono Boost)  
  124  11:07  Zealot x2  
  128  11:39  Immortal  
  132  11:44  Pylon x2  
  132  12:02  Immortal x2  
  132  12:06  Assimilator  
  140  12:22  Protoss Shields Level 1  
  140  12:30  Zealot x3  
  140  12:31  Zealot  
  148  12:38  Zealot  
  95  12:55  Immortal x3  
  95  12:57  Stalker x4  
  89  13:05  Stalker  
  88  13:44  Observer x2  
  90  13:59  Observer  
  91  14:05  Observer  
  88  14:35  Stalker x4  
  88  14:36  Stalker  
  98  14:46  Immortal x3  
  74  15:05  Zealot  
Show
View Real Time Build Order
Export as new Build Order

A.I. 1 (Very Hard) Terran - Winner!

Build Orders: MMM Bio 

Get SALT Encoding   

  12  0:00  SCV  
  13  0:13  SCV  
  14  0:19  Supply Depot  
  14  0:25  SCV  
  15  0:30  Refinery  
  15  0:40  SCV  
  16  0:48  Barracks  
  16  0:53  SCV  
  17  1:05  SCV  
  18  1:17  SCV  
  19  1:37  Supply Depot  
  19  1:38  Marine  
  20  1:40  Factory, Orbital Command  
  20  1:52  Barracks  
  20  1:56  Marine  
  21  2:05  SCV  
  21  2:07  Refinery  
  22  2:13  Marine  
  23  2:17  SCV  
  24  2:23  Supply Depot  
  24  2:24  Factory Tech Lab  
  24  2:29  SCV  
  25  2:31  Marine  
  26  2:39  Marine  
  27  2:45  Siege Tank  
  27  2:47  SCV  
  27  2:51  Marine  
  31  2:56  Marine  
  33  3:09  Barracks Tech Lab  
  33  3:17  Hellion  
  33  3:19  Barracks Tech Lab  
  35  3:28  Concussive Shells  
  35  3:29  Marauder  
  37  3:37  Marauder  
  37  3:39  Supply Depot  
  39  4:00  SCV, Marine, Marauder, Hellion  
  45  4:02  Supply Depot  
  45  4:16  SCV  
  46  4:18  Marine  
  47  4:24  Marauder  
  47  4:26  Supply Depot  
  47  4:28  SCV  
  50  4:31  Stimpack  
  50  4:35  Marine, Barracks  
  51  4:45  Marine  
  51  4:47  Command Center  
  52  4:54  Marauder  
  54  5:04  Marauder  
  56  5:11  Supply Depot  
  56  5:15  Marine  
  57  5:23  Barracks Reactor  
  57  5:24  Marine  
  57  5:25  Starport  
  58  5:33  Marauder  
  62  5:43  Marauder  
  62  5:47  Supply Depot  
  62  5:53  Combat Shields  
  62  5:54  Marauder  
  64  5:59  SCV x2  
  64  6:03  Medivac  
  64  6:04  Marine  
  69  6:11  SCV  
  70  6:12  SCV  
  70  6:17  Marauder  
  73  6:22  Marine  
  73  6:23  SCV  
  73  6:24  SCV  
  76  6:28  Marine  
  77  6:33  Medivac  
  77  6:35  SCV  
  77  6:36  SCV  
  77  6:38  Marauder  
  83  6:43  Supply Depot  
  83  6:44  Marauder  
  85  6:47  SCV  
  85  6:52  Engineering Bay  
  86  6:55  SCV  
  86  6:59  SCV  
  88  7:07  SCV  
  89  7:11  SCV  
  89  7:15  Supply Depot  
  90  7:18  Terran Infantry Armor Level 1  
  90  7:19  SCV  
  90  7:21  Engineering Bay  
  91  7:23  SCV  
  91  7:24  Missile Turret  
  92  7:30  Missile Turret  
  92  7:31  SCV  
  92  7:34  Command Center  
  93  7:44  Orbital Command  
  93  7:47  Terran Infantry Weapons Level 1  
  93  7:55  Starport Reactor, Marine, Barracks  
  88  7:59  Marine  
  88  8:00  Marine  
  88  8:02  Marine  
  82  8:12  Marine  
  79  8:16  Marine  
  79  8:18  Marine  
  81  8:20  Marine  
  82  8:27  Missile Turret  
  82  8:30  Marine  
  82  8:31  Viking  
  82  8:32  Medivac  
  87  8:34  Marine  
  87  8:36  Marine  
  87  8:37  Marine  
  90  8:42  Marine  
  91  8:48  SCV  
  91  8:49  Marauder  
  91  8:50  SCV  
  91  8:52  Marine  
  91  8:53  SCV  
  97  9:01  SCV, Medivac  
  97  9:02  Viking  
  102  9:03  SCV  
  102  9:05  SCV  
  104  9:12  Missile Turret  
  104  9:13  SCV  
  104  9:15  SCV  
  104  9:17  SCV, Missile Turret  
  106  9:18  Marine  
  106  9:21  Marine  
  109  9:25  SCV  
  109  9:26  Supply Depot  
  109  9:27  SCV  
  109  9:29  SCV  
  112  9:33  Viking  
  112  9:37  SCV, Viking  
  117  9:39  SCV  
  117  9:42  SCV  
  119  9:46  Marauder  
  119  9:48  Marauder  
  119  9:52  Supply Depot  
  123  9:55  Orbital Command  
  123  10:00  Armory  
  123  10:02  Missile Turret  
  123  10:03  Viking  
  125  10:07  Marauder  
  125  10:10  Refinery  
  125  10:11  Viking  
  125  10:12  Refinery  
  129  10:15  Supply Depot  
  129  10:21  Refinery  
  129  10:23  Refinery  
  129  10:24  Missile Turret  
  129  10:28  Command Center  
  129  10:33  SCV  
  129  10:34  SCV  
  131  10:36  SCV, Factory  
  131  10:40  Supply Depot  
  132  10:45  SCV, Starport  
  132  10:48  SCV x2  
  132  10:49  Terran Infantry Weapons Level 2  
  135  10:55  Ghost Academy  
  135  10:58  SCV  
  135  11:00  SCV  
  135  11:02  SCV  
  138  11:04  Supply Depot  
  138  11:16  Armory  
  138  11:19  Factory Tech Lab  
  138  11:21  Starport Tech Lab  
  138  11:22  Marine  
  138  11:23  Marine  
  138  11:24  Marine  
  141  11:29  Supply Depot  
  141  11:33  Missile Turret  
  141  11:36  Missile Turret  
  141  11:38  Hi-Sec Auto Tracking  
  141  11:39  Cloaking Field, Ghost  
  141  11:40  SCV x3, Ghost, Banshee  
  141  11:41  SCV  
  152  11:53  Planetary Fortress  
  152  11:55  Refinery  
  152  11:57  Missile Turret  
  152  12:00  Missile Turret  
  152  12:06  Marine  
  152  12:08  Ghost  
  153  12:09  Ghost  
  153  12:10  Barracks  
  157  12:17  Command Center  
  157  12:23  Banshee  
  157  12:29  Personal Cloaking  
  160  12:37  Ghost  
  160  12:38  Marauder  
  160  12:39  Supply Depot  
  160  12:42  Viking  
  145  12:45  Marine x2  
  130  12:55  Marine  
  130  12:57  Marine  
  125  12:58  SCV  
  125  12:59  Ghost  
  125  13:01  Viking  
  125  13:03  Marine  
  125  13:05  Ghost, Marine  
  130  13:06  Command Center, Viking  
  135  13:12  Viking  
  135  13:13  Marine  
  135  13:15  Marine  
  139  13:21  Marine  
  139  13:23  Marine  
  139  13:25  High Capacity Fuel Tanks  
  141  13:27  Ghost  
  141  13:29  Planetary Fortress  
  141  13:31  Marine  
  144  13:34  Marauder  
  144  13:36  Raven  
  144  13:40  Missile Turret  
  148  13:45  Missile Turret  
  148  13:48  Marine  
  148  13:50  Barracks Tech Lab, Marine  
  148  13:51  Marine  
  151  13:56  Marine, Marauder  
  151  13:57  Nuke  
  154  14:06  Marine  
  154  14:07  Marine  
  154  14:08  Marine  
  154  14:09  Marine  
  158  14:14  Ghost  
  158  14:15  Refinery  
  158  14:16  Refinery  
  160  14:17  Marauder  
  160  14:19  Raven, Refinery  
  160  14:24  Marine  
  165  14:25  Ghost  
  165  14:26  Marine  
  165  14:29  Planetary Fortress  
  165  14:30  Liberator  
  165  14:32  Marine  
  165  14:35  Command Center  
  166  14:39  Marauder  
  166  14:41  Marine  
  166  14:43  Marauder  
  166  14:44  Marine  
  172  14:50  Marine  
  173  14:54  Marauder  
  173  14:59  Ghost, Marine  
  160  15:01  Marine  
  160  15:04  Marauder  
  171  15:08  Marine  
  172  15:15  Marine  
  172  15:19  Missile Turret  
  172  15:20  Missile Turret  
Tags
 
Composition
MMM Bio
Matchup
PvT
Replay Pack
First 100 games
Spawn Locations
Cross Positions
Add a new tag
Caveats
  • Supply blocks, unpowered buildings, or Contaminate may cause inaccurate times.
  • Supply counts are checked every 10 seconds.